Map: Dusk Towers

Players

Zuk

  • Race: Protoss Protoss

Kazkek - Winner!

  • Race: Protoss Protoss

VOD

Have the link to the VOD?

Description

Time

  • Played on: Nov. 12, 2015, 11:06 a.m.
  • Length: 3:05
Show
View Real Time Build Order
Export as new Build Order

Zuk Protoss 

Build Orders:  

Get SALT Encoding   

  12  0:45  Pylon  
  12  1:03  Gateway  
  12  1:05  Gateway  
  12  1:07  Gateway  
  12  1:10  Gateway  
  12  1:18  Pylon  
  12  1:53  Zealot x2 (Chrono Boost)  
  18  1:55  Zealot (Chrono Boost)  
  18  1:59  Zealot (Chrono Boost)  
  20  2:22  Zealot (Chrono Boost)  
  26  2:25  Zealot (Chrono Boost)  
  26  2:26  Zealot (Chrono Boost)  
Show
View Real Time Build Order
Export as new Build Order

Kazkek Protoss - Winner!

Build Orders:  

Get SALT Encoding   

  12  0:01  Probe (Chrono Boost)  
  13  0:11  Probe (Chrono Boost)  
  14  0:18  Pylon  
  14  0:22  Probe (Chrono Boost)  
  15  0:36  Probe (Chrono Boost)  
  15  0:37  Gateway  
  16  0:47  Probe (Chrono Boost)  
  17  0:50  Assimilator  
  17  0:57  Probe (Chrono Boost)  
  18  1:05  Pylon  
  18  1:08  Probe (Chrono Boost)  
  19  1:11  Assimilator  
  20  1:18  Probe (Chrono Boost)  
  20  1:24  Cybernetics Core  
  20  1:29  Probe (Chrono Boost)  
  21  1:39  Probe (Chrono Boost)  
  22  1:50  Probe (Chrono Boost)  
  23  1:56  Pylon  
  23  2:01  Mothership Core (Chrono Boost), Stalker (Chrono Boost)  
  27  2:21  Probe  
  28  2:25  Gateway  
  28  2:36  Forge  
Tags
 
Matchup
PvP
Add a new tag
Caveats
  • Supply blocks, unpowered buildings, or Contaminate may cause inaccurate times.
  • Supply counts are checked every 10 seconds.